AoeStats
← Tesina

Arabia

509866386Analyzed
4v4 RM · 5d ago on Sep 28, 2026· 43m 49s· 8 players
Game mode
Random Map
Map size
Large (8 player)
Population
200
Speed
Normal
Resources
Standard
Victory
Conquest
Starting age
Dark Age
Ending age
Imperial Age
RankedLock teamsTeams togetherTeam positionsShared explorationLock speedFull tech treeHidden civsTurbo modeCheats
Victory
Defeat
🇦🇷 Franks · Argentina
929
+17
🇨🇳 Varangians · China
920
+18
🇭🇰 Danes · Hong Kong SAR China
910
+18
🇦🇷 Persians · Argentina
835
+21
🇨🇿 Ethiopians · Czechia
1030
-22
🇨🇿 Spanish · Czechia
1029
-21
🇨🇿 Franks · Czechia
900
-16
🇨🇿 Poles · Czechia
876
-15
One Shoulder 100KG
1:59 Loom
6:30 Loom
8:59 Feudal Age
9:51 Double-Bit Axe
19:28 Castle Age
17:44 Horse Collar
17:55 Gold Mining
18:25 Bloodlines
19:32 Town Watch
19:38 Town Watch
20:26 Husbandry
20:54 Scale Barding Armor
21:12 Bow Saw
22:07 Wheelbarrow
22:07 Forging
23:41 Heavy Plow
26:04 Chain Barding Armor
26:46 Stone Mining
33:30 Iron Casting
33:59 Hand Cart
35:22 Stone Shaft Mining
34:51 Treadmill Crane
38:23 Imperial Age
37:03 Fletching
38:28 Elite Jarl
39:28 Conscription
39:32 Town Patrol
40:11 Plate Barding Armor
40:49 Two-Man Saw
41:19 Blast Furnace
40:16 Bodkin Arrow
42:10 Guilds
TornToast5128
11:34 Feudal Age
15:39 Castle Age
14:43 Horse Collar
14:49 Double-Bit Axe
17:47 Bow Saw
18:18 Heavy Plow
20:30 Wheelbarrow
22:21 Stone Mining
23:44 Fletching
23:56 Padded Archer Armor
24:32 Gold Mining
25:19 Stone Shaft Mining
25:26 Ballistics
26:10 Bodkin Arrow
28:18 Forging
28:09 Scale Mail Armor
29:44 Iron Casting
30:08 Hand Cart
30:08 Hamask
31:52 Chain Mail Armor
34:42 Imperial Age
32:00 Loom
34:48 Elite Jomsviking
36:42 Blast Furnace
36:13 Plate Mail Armor
慢即是快.
5:02 Loom
17:45 Feudal Age
29:33 Castle Age
28:36 Fletching
41:19 Gold Mining
41:19 Stone Mining
41:19 Double-Bit Axe
41:19 Horse Collar
白馬义从
18:28 Loom
28:23 Feudal Age
31:29 Double-Bit Axe
34:25 Scale Mail Armor
38:36 Castle Age
37:48 Scale Barding Armor
38:40 Forging
38:47 Pikeman
40:59 Iron Casting
41:48 Town Watch
42:46 Stone Mining
43:33 Gold Mining
Tesina
12:23 Feudal Age
17:22 Double-Bit Axe
20:00 Bloodlines
20:39 Wheelbarrow
26:21 Castle Age
28:17 Husbandry
28:30 Squires
29:09 Horse Collar
32:16 Pikeman
35:01 Stone Mining
36:40 Heavy Plow
43:22 Man-at-Arms
Totty
6:35 Loom
26:18 Feudal Age
33:21 Castle Age
31:27 Double-Bit Axe
32:42 Horse Collar
34:02 Wheelbarrow
34:51 Scale Mail Armor
35:07 Bow Saw
37:06 Squires
38:51 Heavy Plow
39:18 Chain Mail Armor
40:50 Fletching
41:55 Hand Cart
41:43 Crossbowman
43:03 Thumb Ring
SoNiCxD
12:55 Feudal Age
13:29 Double-Bit Axe
18:20 Wheelbarrow
17:42 Gold Mining
20:31 Castle Age
22:28 Bow Saw
24:02 Husbandry
24:17 Forging
24:13 Scale Barding Armor
25:10 Hand Cart
29:49 Gold Shaft Mining
29:04 Stone Mining
30:53 Town Watch
32:18 Iron Casting
32:03 Chain Barding Armor
32:51 Town Patrol
Picbon
10:50 Feudal Age
11:56 Double-Bit Axe
19:51 Castle Age
19:39 Horse Collar
24:20 Loom
28:21 Wheelbarrow
28:14 Town Watch
34:12 Imperial Age
34:47 Town Patrol
41:14 Heavy Plow
Connection lost

Rejoining the realm…

Still unreachable

The connection could not be restored.

Session expired

The server has moved on; the page needs a fresh start.